Selects Airborne Battlegroup
Selects Heavy Machine Gun Paradrop
Heavy Machine Gun Paradrop
Construct Weapon Support Center
Selects Smoke Bombing Run
Selects Paratrooper Squad Paradrop
Paratrooper Squad Paradrop
Paratrooper Squad Paradrop
Construct Medical Station
Paratrooper Squad Paradrop
Selects Anti-tank Gun Team Paradrop
Advanced Air Reconnaissance
Grasshopper High-Altitude Recon Run
Selects Paradrop Reinforcements
Selects Dual P-47 Rocket Strike
Anti-tank Gun Team Paradrop
Grasshopper High-Altitude Recon Run
Grasshopper High-Altitude Recon Run
M18 Hellcat Tank Destroyer
Grasshopper High-Altitude Recon Run
Heavy Machine Gun Paradrop
M18 Hellcat Tank Destroyer
Grasshopper High-Altitude Recon Run
M18 Hellcat Tank Destroyer
Grasshopper High-Altitude Recon Run
Grasshopper High-Altitude Recon Run
Heavy Machine Gun Paradrop
Paratrooper Squad Paradrop